 Dungeon Crawl Stone Soup version 0.29.1-1-gd02db6906a (webtiles) character file.

Game seed: 18433621450633856169

1586 safid the Skirmisher (level 8, -1/74 HPs)
             Began as a Minotaur Hunter on Sept 15, 2022.
             Was a Follower of Okawaru.
             Slain by an unseen horror (7 damage)
             ... on level 6 of the Dungeon.
             The game lasted 00:08:18 (6391 turns).

safid the Skirmisher (Minotaur Hunter)              Turns: 6391, Time: 00:08:19

Health: -1/74      AC:  4    Str: 16    XL:     8   Next: 61%
Magic:  7/7        EV: 14    Int:  6    God:    Okawaru [*.....]
Gold:   276        SH:  0    Dex: 22    Spells: 7/7 levels left

rFire   . . .      SeeInvis .   a - +0 shortbow
rCold   . . .      Faith    .   (shield currently unavailable)
rNeg    . . .      Spirit   .   c - +0 leather armour
rPois   .          Reflect  .   (helmet restricted)
rElec   .          Harm     .   (no cloak)
rCorr   +          Rampage  .   (no gloves)
Will    .....                   l - +0 pair of boots
Stlth   ++........              (no amulet)
HPRegen 0.22/turn               u - ring of resist corrosion
MPRegen 0.10/turn               y - +6 ring of dexterity

@: no status effects
A: horns 2, retaliatory headbutt
a: Renounce Religion, Heroism


You were on level 6 of the Dungeon.
You worshipped Okawaru.
Okawaru was aware of your devotion.
You visited 2 branches of the dungeon, and saw 7 of its levels.

You collected 276 gold pieces.

Inventory:

Hand Weapons
 a - a +0 shortbow (weapon)
Missiles
 w - a throwing net
Armour
 c - a +0 leather armour (worn)
 l - a +0 pair of boots (worn)
Jewellery
 u - a ring of resist corrosion (left hand)
 y - a +6 ring of dexterity (right hand)
 C - a ring of ice
Wands
 j - a wand of polymorph (7)
 t - a wand of paralysis (12)
 v - a wand of flame (11)
Scrolls
 f - a scroll of amnesia {unknown}
 g - a scroll of identify {unknown}
 k - a scroll of magic mapping {unknown}
 m - a scroll of enchant weapon {unknown}
 n - a scroll of teleportation {unknown}
 r - a scroll of fear
 x - a scroll of fog {unknown}
Potions
 d - 2 potions of flight {unknown}
 h - 2 potions of brilliance {unknown}
 i - 4 potions of cancellation {unknown}
 o - 2 potions of might {unknown}
 p - a potion of mutation {unknown}
 q - a potion of invisibility {unknown}
 z - a potion of degeneration {unknown}
 A - a potion of attraction {unknown}
 B - a potion of lignification {unknown}


   Skills:
 - Level 8.0 Fighting
 + Level 10.1 Ranged Weapons
 - Level 4.0 Dodging
 - Level 0.7 Stealth


You had 7 spell levels left.
You didn't know any spells.
Your spell library contained the following spells:

 Spells                   Type           Power      Damage    Failure   Level
 Necrotise                Necr           0%         1d4       52%         1
 Vampiric Draining        Necr           0%         2d6       88%         3
 Agony                    Necr           0%         N/A       100%        5


Dungeon Overview and Level Annotations

Branches:
Dungeon (6/15)             Temple (1/1) D:4

Altars:
Ashenzari
Cheibriados
Dithmenos
Elyvilon
Fedhas
Gozag
Hepliaklqana
Kikubaaqudgha
Makhleb
Nemelex Xobeh
Okawaru
Ru
Trog
Uskayaw
Vehumet
Wu Jian
Xom
Yredelemnul
Zin
The Shining One

Annotations:
D:3 2 transporters


Innate Abilities, Weirdness & Mutations

You have a pair of horns on your head.
You reflexively headbutt those who attack you in melee.


Message History

You shoot an arrow. Something hits you. Something hits you!
* * * LOW HITPOINT WARNING * * *
Unknown command.
Fire: a) +0 shortbow
Press: ? - help, Q - select action, (/) - cycle Shift-Dir - straight line, f - you Really target yourself? [Y]es or [N]o only, please.
Really target yourself? [Y]es or [N]o only, please.
Really target yourself? [Y]es or [N]o only, please.
Really target yourself?
Okay, then.
Unknown command.
Fire: a) +0 shortbow
Press: ? - help, Q - select action, (/) - cycle Shift-Dir - straight line You shoot an arrow.
Something hits you but does no damage.
Unknown command.
Fire: a) +0 shortbow
Press: ? - help, Q - select action, (/) - cycle Shift-Dir - straight line You shoot an arrow.
Something hits you.
* * * LOW HITPOINT WARNING * * *
Unknown command.
Fire: a) +0 shortbow
Press: ? - help, Q - select action, (/) - cycle Shift-Dir - straight line You shoot an arrow.
Something hits you!
* * * LOW HITPOINT WARNING * * *
Fire: a) +0 shortbow
Press: ? - help, Q - select action, (/) - cycle Shift-Dir - straight line
Okay, then.
Unknown command.
Something hits you!
* * * LOW HITPOINT WARNING * * *
Something hits you but does no damage. Something hits you!
You die...

## #####
..##########...###
#.#.........#...#
#..##.####...#.#
##.##.# ##.##.#
#....# #.##.######
#.####
#.........#######
#..
####@####........
#.#.
#.#....#######
..##. #.#.##.# .#
#. #....#(# . #.
###..#.# #. #..#.#
#..#.. #..### #..#


There were no monsters in sight!

Vanquished Creatures
  Prince Ribbit (D:5)
  An ice beast (D:5)
  A black bear (D:5)
  An ogre (D:5)
  A phantom (D:6)
  A kobold brigand (D:6)
  Blork the orc (D:4)
  3 scorpions
  3 necrophages
  A hound (D:4)
  2 jellies (D:5)
  A gnoll bouda (D:4)
  An orc priest (D:4)
  2 iguanas (D:4)
  Jessica (D:2)
  3 orc wizards
  8 gnolls
  4 adders
  2 white imps
  An ufetubus (D:3)
  3 worms
  3 dart slugs
  19 orcs
  4 bats
  5 endoplasms
  2 giant cockroaches
  6 goblins
  3 hobgoblins
  14 jackals
  5 kobolds
  A quokka (D:1)
  4 ball pythons
  A frilled lizard (D:2)
  10 rats
119 creatures vanquished.

Notes
Turn   | Place    | Note
-------+----------+-------------------------------------------
     0 | D:1      | safid the Minotaur Hunter began the quest for the Orb.
     0 | D:1      | Reached XP level 1. HP: 18/18 MP: 0/0
   200 | D:1      | Reached XP level 2. HP: 25/25 MP: 1/1
   722 | D:2      | Noticed Jessica
   734 | D:2      | Killed Jessica
   735 | D:2      | Reached XP level 3. HP: 24/31 MP: 2/2
   919 | D:2      | Found a shimmering altar of Xom.
  1028 | D:2      | Reached skill level 5 in Ranged Weapons
  1303 | D:2      | Identified the +1 scale mail "Nekaloed" {Str+4 Stlth+}
  1351 | D:2      | Reached XP level 4. HP: 30/39 MP: 3/3
  2128 | D:3      | Found a transporter.
  2179 | D:3      | Found a transporter.
  2274 | D:4      | Noticed a necrophage
  2281 | D:3      | Reached XP level 5. HP: 33/46 MP: 4/4
  2558 | D:4      | Reached skill level 6 in Ranged Weapons
  2558 | D:4      | Reached XP level 6. HP: 43/55 MP: 5/5
  2564 | D:4      | Reached skill level 5 in Fighting
  2871 | D:4      | Noticed Blork the orc
  3093 | D:4      | Killed Blork the orc
  3759 | D:3      | Reached XP level 7. HP: 36/62 MP: 6/6
  3975 | D:4      | Reached skill level 7 in Ranged Weapons
  4087 | D:4      | Found a staircase to the Ecumenical Temple.
  4114 | Temple   | Entered the Ecumenical Temple
  4310 | Temple   | Became a worshipper of Warmaster Okawaru
  4793 | D:5      | Entered Level 5 of the Dungeon
  4803 | D:5      | Noticed Prince Ribbit
  5065 | D:5      | Killed Prince Ribbit
  5066 | D:5      | Reached skill level 8 in Ranged Weapons
  5387 | D:5      | Reached * piety under Okawaru
  5388 | D:5      | Reached XP level 8. HP: 48/74 MP: 7/7
  5782 | D:5      | Reached skill level 9 in Ranged Weapons
  6154 | D:6      | Reached skill level 10 in Ranged Weapons
  6391 | D:6      | Slain by an unseen horror

Illustrated notes

Levels and vault maps discovered:
D:1:      dpeg_arrival_pits, layout_basic, serial_forest,
          infiniplex_forest_clump_double, infiniplex_forest_end_1,
          infiniplex_forest_lined_ring, infiniplex_forest_lined_ring,
          infiniplex_forest_lined_room_2, infiniplex_forest_corner_1,
          infiniplex_forest_clump_small, minivault_14
D:2:      layout_basic, basic_altar, uniq_jessica
D:3:      gammafunk_wand_slinger, layout_rooms
D:4:      layout_rooms, minmay_temple_entry_glass, uniq_blork_the_orc
D:5:      layout_loops_ring, uniq_prince_ribbit1
D:6:      layout_loops_ring
Temple:   nicolae_temple_bog_church

Skill      XL: |  1  2  3  4  5  6  7  8 |
---------------+-------------------------+-----
Fighting       | 3 4 6 7 8 |  8.0
Dodging        | 3 4 |  4.0
Ranged Weapons | 5 6 8 10 | 10.1
Stealth        | |  0.7

Action                   |  1- 3 |  4- 6 |  7- 9 || total
-------------------------+-------+-------+-------++-------
 Fire: Shortbow          |   109 |   181 |   159 ||   449
  Use: Potion            |       |       |     2 ||     2
       Scroll            |       |       |     2 ||     2
Armor: Leather armour    |    13 |    22 |    22 ||    57
       Skin              |     6 |       |       ||     6
Dodge: Dodged            |    34 |    89 |    70 ||   193
